[ AOE2 MATCH · #482043929 ]
UnrankedFranks vs Koreans
[ REPLAY ANALYSIS · EXTRACTED FROM THE RECORDED GAME ]
Feudal
10:32
Castle
21:40
Imperial
37:08
| APM avg | 26.5 |
| APM peak | 62 |
| eAPM avg | 13.7 |
| Villagers / military | 115 / 248 |
Focus
⚔️ 45.9% · 🌾 54.1%
Skirmisher ×121 · Spearman ×42 · Knight ×29 · Hand Cannoneer ×22 · Scorpion ×15 · Mangonel ×6
Feudal
11:22
Castle
19:03
Imperial
40:11
| APM avg | 20.6 |
| APM peak | 42 |
| eAPM avg | 12.3 |
| Villagers / military | 108 / 223 |
Focus
⚔️ 38.0% · 🌾 62.0%
Fire Lancer ×142 · Skirmisher ×76 · Bombard Cannon ×4 · Spearman ×1
Feudal
11:53
Castle
22:08
Imperial
36:22
| APM avg | 26.3 |
| APM peak | 74 |
| eAPM avg | 18.3 |
| Villagers / military | 112 / 446 |
Focus
⚔️ 59.2% · 🌾 40.8%
Skirmisher ×206 · Camel Scout ×112 · Spearman ×51 · Scout Cavalry ×44 · Militia ×17 · Scorpion ×7
Feudal
11:04
Castle
23:37
Imperial
41:09
| APM avg | 36.2 |
| APM peak | 114 |
| eAPM avg | 22.8 |
| Villagers / military | 109 / 206 |
Focus
⚔️ 35.6% · 🌾 64.4%
Teutonic Knight ×77 · Scout Cavalry ×50 · Spearman ×20 · Knight ×18 · Mangonel ×17 · Trebuchet (Packed) ×8
Match map
Initial resources + every placement click. Lines = walls · curves = elevation contours. ◆ gold · ⬟ stone · ● berries · ✦ relic · ◌ wall gap
Your base· ✓ Closed at 21:40 · 14t walls · 1 gate(s)
avilareall's base· ✓ Closed at 19:03 · 9t walls · 1 gate(s)
agedkratos's base· ✓ Closed at 22:08 · 2t walls · 1 gate(s)
A KIRA's base· ✓ Closed at 23:37 · 0t walls · 1 gate(s)
Smoothed initial terrain · ◌ = detected wall gap · hover for details
Inputs per minute
— Ruin - - avilareall
Build order — Ruin
First 150 of 529 actions detected
| 0:03 | Create | Villager (Male) |
| 0:04 | Create | Villager (Male) |
| 0:04 | Create | Villager (Male) |
| 0:04 | Create | Villager (Male) |
| 0:05 | Create | Villager (Male) |
| 0:08 | Build | House |
| 0:10 | Build | House |
| 1:30 | Create | Villager (Male) |
| 1:30 | Create | Villager (Male) |
| 1:54 | Build | Lumber Camp |
| 2:07 | Create | Villager (Male) |
| 2:31 | Create | Villager (Male) |
| 3:01 | Build | House |
| 3:21 | Create | Villager (Male) |
| 3:22 | Create | Villager (Male) |
| 4:00 | Create | Villager (Male) |
| 4:26 | Build | Mill |
| 4:44 | Create | Villager (Male) |
| 4:46 | Build | House |
| 4:53 | Create | Villager (Male) |
| 5:39 | Create | Villager (Male) |
| 5:58 | Create | Villager (Male) |
| 6:27 | Create | Villager (Male) |
| 6:54 | Build | Palisade Wall |
| 7:04 | Create | Villager (Male) |
| 7:14 | Create | Villager (Male) |
| 7:30 | Build | Barracks |
| 8:09 | Create | Villager (Male) |
| 8:22 | Research | Feudal Age |
| 8:49 | Build | Lumber Camp |
| 9:29 | Build | Palisade Gate |
| 9:40 | Build | House |
| 10:32 | Age | Feudal Age |
| 10:34 | Create | Villager (Male) |
| 10:36 | Create | Villager (Male) |
| 10:37 | Create | Villager (Male) |
| 10:40 | Research | Double-Bit Axe |
| 11:03 | Build | Blacksmith |
| 11:06 | Build | Farm |
| 11:08 | Create | Villager (Male) |
| 11:24 | Build | Market |
| 11:33 | Build | Farm |
| 11:58 | Create | Villager (Male) |
| 12:03 | Create | Villager (Male) |
| 12:25 | Create | Villager (Male) |
| 12:53 | Build | Mining Camp |
| 13:12 | Build | House |
| 13:25 | Create | Villager (Male) |
| 13:46 | Build | House |
| 14:00 | Create | Spearman |
| 14:01 | Create | Spearman |
| 14:07 | Build | Watch Tower |
| 14:18 | Create | Militia |
| 14:18 | Create | Militia |
| 14:48 | Create | Villager (Male) |
| 14:55 | Build | Mining Camp |
| 15:11 | Build | Archery Range |
| 15:14 | Build | Farm |
| 15:15 | Build | Farm |
| 15:15 | Build | Farm |
| 15:16 | Build | Farm |
| 15:17 | Build | Farm |
| 15:19 | Build | Farm |
| 15:34 | Build | House |
| 15:36 | Build | House |
| 16:25 | Create | Villager (Male) |
| 16:33 | Build | Farm |
| 16:34 | Build | Farm |
| 16:46 | Build | Stable |
| 16:52 | Create | Villager (Male) |
| 17:20 | Build | House |
| 17:28 | Create | Villager (Male) |
| 17:32 | Build | Farm |
| 17:56 | Create | Villager (Male) |
| 18:01 | Build | Farm |
| 18:14 | Build | Farm |
| 18:20 | Create | Villager (Male) |
| 18:20 | Research | Loom |
| 18:34 | Build | Farm |
| 18:57 | Build | Farm |
| 19:00 | Research | Castle Age |
| 19:37 | Research | Stone Mining |
| 21:21 | Research | Gold Mining |
| 21:40 | Age | Castle Age |
| 21:41 | Create | Villager (Male) |
| 21:41 | Create | Villager (Male) |
| 21:41 | Create | Villager (Male) |
| 21:42 | Create | Villager (Male) |
| 21:50 | Build | Town Center |
| 21:55 | Research | Bow Saw |
| 22:09 | Create | Knight |
| 22:10 | Create | Knight |
| 22:15 | Create | Villager (Male) |
| 22:21 | Create | Skirmisher |
| 22:21 | Create | Skirmisher |
| 22:38 | Create | Villager (Male) |
| 22:40 | Create | Villager (Male) |
| 22:46 | Build | Farm |
| 22:47 | Build | Farm |
| 22:48 | Build | Farm |
| 23:20 | Create | Villager (Male) |
| 23:31 | Create | Villager (Male) |
| 23:32 | Create | Villager (Male) |
| 23:36 | Create | Villager (Male) |
| 23:37 | Create | Villager (Male) |
| 23:48 | Build | Farm |
| 23:49 | Build | Farm |
| 23:50 | Build | Farm |
| 23:51 | Build | Farm |
| 24:08 | Build | Lumber Camp |
| 24:20 | Build | House |
| 24:20 | Build | House |
| 24:21 | Build | House |
| 24:22 | Build | House |
| 24:22 | Build | House |
| 24:22 | Build | House |
| 24:23 | Build | House |
| 24:24 | Build | House |
| 24:24 | Build | House |
| 24:24 | Build | House |
| 24:24 | Build | House |
| 24:25 | Build | House |
| 24:28 | Create | Villager (Male) |
| 24:30 | Create | Villager (Male) |
| 24:34 | Create | Villager (Male) |
| 24:38 | Create | Villager (Male) |
| 24:38 | Create | Villager (Male) |
| 24:39 | Create | Villager (Male) |
| 25:11 | Create | Villager (Male) |
| 25:11 | Create | Villager (Male) |
| 25:22 | Create | Villager (Male) |
| 25:23 | Create | Villager (Male) |
| 25:32 | Create | Knight |
| 25:32 | Create | Knight |
| 25:33 | Create | Knight |
| 25:45 | Research | Elite Skirmisher (upgrade) |
| 25:45 | Create | Skirmisher |
| 25:46 | Create | Skirmisher |
| 25:48 | Create | Skirmisher |
| 25:53 | Research | Padded Archer Armor |
| 25:55 | Create | Knight |
| 25:55 | Create | Knight |
| 26:05 | Create | Spearman |
| 26:05 | Create | Spearman |
| 26:05 | Create | Spearman |
| 26:07 | Create | Villager (Male) |
| 26:09 | Create | Villager (Male) |
| 26:12 | Create | Villager (Male) |
| 27:07 | Build | Siege Workshop |
| 27:08 | Build | Siege Workshop |
Build order — avilareall
First 150 of 370 actions detected
| 0:03 | Build | House |
| 0:04 | Build | House |
| 0:08 | Create | Villager (Male) |
| 0:13 | Create | Villager (Male) |
| 0:13 | Create | Villager (Male) |
| 0:13 | Create | Villager (Male) |
| 1:35 | Create | Villager (Male) |
| 1:36 | Create | Villager (Male) |
| 2:19 | Research | Loom |
| 2:21 | Create | Villager (Male) |
| 2:21 | Create | Villager (Male) |
| 3:51 | Create | Villager (Male) |
| 3:52 | Create | Villager (Male) |
| 3:52 | Create | Villager (Male) |
| 4:37 | Create | Villager (Male) |
| 4:44 | Build | Mill |
| 4:46 | Build | House |
| 4:54 | Create | Villager (Male) |
| 5:38 | Create | Villager (Male) |
| 5:38 | Create | Villager (Male) |
| 5:38 | Create | Villager (Male) |
| 5:59 | Create | Villager (Male) |
| 6:08 | Create | Villager (Male) |
| 6:35 | Build | Lumber Camp |
| 6:38 | Build | House |
| 6:40 | Create | Villager (Male) |
| 6:58 | Create | Villager (Male) |
| 7:18 | Create | Villager (Male) |
| 7:53 | Create | Villager (Male) |
| 7:53 | Create | Villager (Male) |
| 8:18 | Build | Mining Camp |
| 8:47 | Research | Loom |
| 9:05 | Research | Feudal Age |
| 9:44 | Build | House |
| 9:47 | Build | House |
| 10:43 | Create | Villager (Male) |
| 10:44 | Create | Villager (Male) |
| 11:06 | Build | Barracks |
| 11:22 | Age | Feudal Age |
| 11:53 | Build | Market |
| 12:32 | Build | Farm |
| 12:35 | Build | Farm |
| 12:49 | Build | Farm |
| 12:59 | Build | Farm |
| 13:06 | Create | Spearman |
| 13:18 | Build | Stone Wall |
| 13:27 | Build | Gate |
| 13:49 | Create | Villager (Male) |
| 13:51 | Build | Farm |
| 14:12 | Build | Stone Wall |
| 14:23 | Build | Farm |
| 15:08 | Create | Villager (Male) |
| 15:26 | Build | Blacksmith |
| 15:29 | Create | Villager (Male) |
| 15:41 | Build | Farm |
| 15:58 | Create | Villager (Male) |
| 16:05 | Build | Farm |
| 16:07 | Research | Castle Age |
| 16:34 | Build | House |
| 16:36 | Build | House |
| 17:12 | Create | Villager (Male) |
| 17:22 | Build | Archery Range |
| 17:27 | Create | Villager (Male) |
| 17:36 | Research | Double-Bit Axe |
| 17:49 | Research | Horse Collar |
| 17:59 | Create | Villager (Male) |
| 18:23 | Build | House |
| 18:24 | Build | House |
| 18:27 | Build | House |
| 18:29 | Build | House |
| 18:36 | Create | Villager (Male) |
| 19:03 | Age | Castle Age |
| 19:12 | Create | Villager (Male) |
| 19:21 | Research | Wheelbarrow |
| 19:29 | Research | Bow Saw |
| 19:31 | Research | Heavy Plow |
| 19:38 | Create | Skirmisher |
| 19:41 | Create | Fire Lancer |
| 20:18 | Build | Watch Tower |
| 20:31 | Create | Fire Lancer |
| 20:39 | Create | Skirmisher |
| 20:42 | Create | Fire Lancer |
| 20:49 | Create | Villager (Male) |
| 21:02 | Research | Forging |
| 21:19 | Create | Villager (Male) |
| 21:25 | Build | Town Center |
| 21:29 | Create | Villager (Male) |
| 21:39 | Create | Fire Lancer |
| 21:42 | Create | Skirmisher |
| 21:42 | Create | Skirmisher |
| 21:55 | Create | Villager (Male) |
| 22:06 | Build | Mill |
| 22:08 | Create | Villager (Male) |
| 22:24 | Create | Skirmisher |
| 22:46 | Create | Fire Lancer |
| 22:51 | Create | Skirmisher |
| 23:15 | Build | Mining Camp |
| 23:19 | Create | Villager (Male) |
| 23:20 | Create | Villager (Male) |
| 23:34 | Research | Fletching |
| 23:43 | Build | Barracks |
| 23:46 | Create | Villager (Male) |
| 23:47 | Create | Villager (Male) |
| 23:50 | Build | Farm |
| 23:53 | Build | Farm |
| 23:56 | Build | Farm |
| 24:09 | Create | Villager (Male) |
| 24:10 | Create | Villager (Male) |
| 24:20 | Research | Gambesons |
| 24:24 | Create | Skirmisher |
| 24:40 | Build | Archery Range |
| 24:52 | Create | Villager (Male) |
| 24:53 | Create | Villager (Male) |
| 24:59 | Create | Villager (Male) |
| 25:05 | Create | Fire Lancer |
| 25:05 | Create | Fire Lancer |
| 25:09 | Create | Skirmisher |
| 25:14 | Build | House |
| 25:23 | Create | Villager (Male) |
| 25:28 | Build | Farm |
| 25:31 | Build | Farm |
| 25:37 | Build | Farm |
| 25:45 | Build | House |
| 25:46 | Build | House |
| 25:48 | Create | Villager (Male) |
| 25:52 | Create | Villager (Male) |
| 26:00 | Research | Elite Skirmisher (upgrade) |
| 26:03 | Create | Villager (Male) |
| 26:04 | Create | Villager (Male) |
| 27:13 | Build | University |
| 27:16 | Create | Villager (Male) |
| 27:23 | Build | Farm |
| 27:29 | Build | Farm |
| 27:34 | Build | Farm |
| 27:35 | Create | Villager (Male) |
| 27:36 | Create | Villager (Male) |
| 27:51 | Create | Skirmisher |
| 27:52 | Create | Skirmisher |
| 27:52 | Create | Skirmisher |
| 27:54 | Create | Skirmisher |
| 27:55 | Create | Skirmisher |
| 27:55 | Create | Skirmisher |
| 27:56 | Create | Skirmisher |
| 27:56 | Create | Skirmisher |
| 28:00 | Research | Squires |
| 28:01 | Create | Fire Lancer |
| 28:02 | Create | Fire Lancer |
| 28:02 | Create | Fire Lancer |
| 28:02 | Create | Fire Lancer |
| 28:02 | Create | Fire Lancer |
Build order — agedkratos
First 150 of 752 actions detected
| 0:02 | Create | Villager (Male) |
| 0:02 | Create | Villager (Male) |
| 0:04 | Build | House |
| 0:09 | Build | House |
| 0:58 | Create | Villager (Male) |
| 1:27 | Create | Villager (Male) |
| 2:04 | Build | Lumber Camp |
| 2:05 | Create | Villager (Male) |
| 2:56 | Create | Villager (Male) |
| 3:21 | Create | Villager (Male) |
| 3:50 | Create | Villager (Male) |
| 4:09 | Create | Villager (Male) |
| 4:24 | Build | Mill |
| 4:30 | Create | Villager (Male) |
| 4:41 | Build | House |
| 4:43 | Build | House |
| 4:56 | Create | Villager (Male) |
| 5:18 | Create | Villager (Male) |
| 5:37 | Create | Villager (Male) |
| 6:06 | Build | House |
| 6:08 | Build | House |
| 6:22 | Create | Villager (Male) |
| 7:03 | Create | Villager (Male) |
| 7:04 | Create | Villager (Male) |
| 7:20 | Create | Villager (Male) |
| 8:14 | Create | Villager (Male) |
| 8:15 | Create | Villager (Male) |
| 8:24 | Build | Palisade Wall |
| 8:26 | Build | Palisade Wall |
| 8:30 | Build | Palisade Gate |
| 9:43 | Research | Feudal Age |
| 9:50 | Build | Mill |
| 10:14 | Build | Outpost |
| 10:19 | Build | Outpost |
| 10:22 | Build | Outpost |
| 10:39 | Build | Mining Camp |
| 10:50 | Build | Mining Camp |
| 11:15 | Build | Lumber Camp |
| 11:53 | Age | Feudal Age |
| 11:55 | Research | Double-Bit Axe |
| 11:57 | Create | Villager (Male) |
| 12:03 | Create | Villager (Male) |
| 12:34 | Build | Watch Tower |
| 12:41 | Research | Wheelbarrow |
| 12:57 | Build | Farm |
| 13:00 | Build | Farm |
| 13:03 | Build | Farm |
| 13:07 | Build | Farm |
| 13:10 | Build | Farm |
| 13:52 | Create | Villager (Male) |
| 13:52 | Create | Villager (Male) |
| 14:04 | Build | House |
| 14:36 | Research | Horse Collar |
| 14:49 | Build | House |
| 14:54 | Build | House |
| 15:00 | Create | Villager (Male) |
| 15:25 | Build | Farm |
| 15:30 | Build | Farm |
| 15:34 | Create | Villager (Male) |
| 15:34 | Create | Villager (Male) |
| 16:24 | Create | Villager (Male) |
| 16:30 | Build | Farm |
| 16:38 | Build | Farm |
| 16:53 | Build | Farm |
| 16:57 | Build | Farm |
| 16:58 | Create | Villager (Male) |
| 16:58 | Create | Villager (Male) |
| 17:24 | Build | Market |
| 17:34 | Build | Blacksmith |
| 17:36 | Create | Villager (Male) |
| 17:37 | Create | Villager (Male) |
| 17:43 | Build | Farm |
| 17:46 | Build | Farm |
| 18:21 | Create | Villager (Male) |
| 18:26 | Build | Farm |
| 18:54 | Create | Villager (Male) |
| 19:10 | Build | Farm |
| 19:24 | Research | Castle Age |
| 19:43 | Research | Stone Mining |
| 20:07 | Build | Barracks |
| 20:30 | Build | Barracks |
| 21:03 | Create | Spearman |
| 21:04 | Create | Spearman |
| 21:07 | Create | Spearman |
| 21:24 | Build | Stable |
| 21:43 | Create | Spearman |
| 21:45 | Create | Spearman |
| 21:46 | Create | Militia |
| 21:46 | Create | Militia |
| 21:48 | Research | Man-at-Arms (upgrade) |
| 21:53 | Create | Militia |
| 21:53 | Create | Militia |
| 22:08 | Age | Castle Age |
| 22:32 | Research | Bow Saw |
| 22:36 | Research | Heavy Plow |
| 22:37 | Create | Villager (Male) |
| 22:37 | Create | Villager (Male) |
| 22:43 | Create | Villager (Male) |
| 23:07 | Create | Villager (Male) |
| 23:07 | Create | Villager (Male) |
| 23:08 | Create | Villager (Male) |
| 23:09 | Create | Villager (Male) |
| 23:16 | Build | Farm |
| 23:46 | Build | Castle |
| 24:02 | Build | Farm |
| 24:04 | Build | Farm |
| 24:07 | Build | Farm |
| 24:40 | Create | Militia |
| 24:40 | Create | Militia |
| 24:41 | Create | Militia |
| 24:41 | Create | Militia |
| 24:42 | Create | Militia |
| 24:43 | Create | Militia |
| 24:45 | Research | Long Swordsman (upgrade) |
| 24:53 | Create | Militia |
| 24:53 | Create | Militia |
| 24:54 | Create | Militia |
| 24:55 | Create | Militia |
| 24:58 | Create | Villager (Male) |
| 25:20 | Build | Archery Range |
| 25:33 | Build | Town Center |
| 25:44 | Create | Villager (Male) |
| 26:06 | Build | Mining Camp |
| 26:55 | Create | Villager (Male) |
| 26:55 | Create | Villager (Male) |
| 27:02 | Research | Hand Cart |
| 27:16 | Create | Villager (Male) |
| 27:16 | Create | Villager (Male) |
| 27:16 | Create | Villager (Male) |
| 27:19 | Create | Villager (Male) |
| 27:19 | Create | Villager (Male) |
| 27:34 | Research | Gold Mining |
| 27:44 | Build | Archery Range |
| 28:09 | Create | Villager (Male) |
| 28:10 | Create | Villager (Male) |
| 28:10 | Create | Villager (Male) |
| 28:10 | Create | Villager (Male) |
| 28:10 | Create | Villager (Male) |
| 28:12 | Create | Villager (Male) |
| 28:25 | Build | Farm |
| 28:37 | Build | Farm |
| 28:39 | Build | Farm |
| 28:42 | Build | Farm |
| 28:43 | Create | Villager (Male) |
| 28:44 | Create | Villager (Male) |
| 28:53 | Build | Archery Range |
| 29:02 | Create | Skirmisher |
| 29:02 | Create | Skirmisher |
| 29:03 | Create | Skirmisher |
| 29:03 | Create | Skirmisher |
Build order — A KIRA
First 150 of 436 actions detected
| 0:01 | Create | Villager (Male) |
| 0:01 | Create | Villager (Male) |
| 0:02 | Create | Villager (Male) |
| 0:02 | Create | Villager (Male) |
| 0:02 | Create | Villager (Male) |
| 0:04 | Build | House |
| 0:08 | Build | House |
| 1:32 | Create | Villager (Male) |
| 1:32 | Create | Villager (Male) |
| 1:55 | Create | Villager (Male) |
| 1:56 | Create | Villager (Male) |
| 2:19 | Build | Lumber Camp |
| 2:38 | Create | Villager (Male) |
| 2:38 | Create | Villager (Male) |
| 2:53 | Create | Villager (Male) |
| 2:53 | Create | Villager (Male) |
| 2:56 | Create | Villager (Male) |
| 2:56 | Create | Villager (Male) |
| 3:35 | Build | House |
| 3:36 | Create | Villager (Male) |
| 3:36 | Create | Villager (Male) |
| 4:09 | Create | Villager (Male) |
| 4:10 | Create | Villager (Male) |
| 4:28 | Create | Villager (Male) |
| 4:29 | Create | Villager (Male) |
| 4:46 | Create | Villager (Male) |
| 4:46 | Create | Villager (Male) |
| 5:26 | Create | Villager (Male) |
| 5:41 | Build | House |
| 5:55 | Create | Villager (Male) |
| 5:55 | Create | Villager (Male) |
| 6:31 | Create | Villager (Male) |
| 6:31 | Create | Villager (Male) |
| 6:32 | Create | Villager (Male) |
| 8:20 | Build | Mill |
| 8:29 | Research | Loom |
| 8:40 | Research | Feudal Age |
| 8:40 | Research | Feudal Age |
| 9:01 | Build | Barracks |
| 9:08 | Create | Villager (Male) |
| 9:08 | Create | Villager (Male) |
| 9:26 | Build | House |
| 10:25 | Create | Militia |
| 10:25 | Create | Militia |
| 10:26 | Create | Militia |
| 10:56 | Build | Farm |
| 11:04 | Age | Feudal Age |
| 11:09 | Create | Militia |
| 11:33 | Build | House |
| 11:35 | Create | Villager (Male) |
| 11:36 | Create | Villager (Male) |
| 11:57 | Build | Farm |
| 12:31 | Build | Farm |
| 12:33 | Create | Villager (Male) |
| 12:37 | Build | Farm |
| 12:55 | Create | Villager (Male) |
| 13:00 | Build | Farm |
| 13:17 | Create | Villager (Male) |
| 13:27 | Build | House |
| 13:29 | Create | Villager (Male) |
| 13:52 | Create | Villager (Male) |
| 13:53 | Build | Farm |
| 14:10 | Build | House |
| 14:21 | Research | Man-at-Arms (upgrade) |
| 14:30 | Build | Farm |
| 14:59 | Build | Farm |
| 14:59 | Create | Villager (Male) |
| 15:00 | Create | Villager (Male) |
| 15:14 | Create | Militia |
| 15:15 | Create | Militia |
| 16:07 | Create | Villager (Male) |
| 16:11 | Build | Farm |
| 16:13 | Build | Farm |
| 16:15 | Create | Villager (Male) |
| 16:26 | Build | Archery Range |
| 16:31 | Create | Spearman |
| 16:31 | Create | Spearman |
| 16:31 | Create | Spearman |
| 16:31 | Create | Spearman |
| 16:47 | Build | Palisade Gate |
| 16:51 | Build | House |
| 16:57 | Create | Villager (Male) |
| 17:00 | Build | Farm |
| 17:02 | Build | Farm |
| 17:04 | Research | Double-Bit Axe |
| 17:05 | Research | Double-Bit Axe |
| 17:05 | Research | Double-Bit Axe |
| 17:07 | Create | Villager (Male) |
| 17:23 | Build | Blacksmith |
| 17:37 | Build | Farm |
| 17:43 | Build | Farm |
| 17:49 | Create | Villager (Male) |
| 18:14 | Create | Villager (Male) |
| 18:52 | Create | Villager (Male) |
| 19:00 | Build | Mining Camp |
| 19:05 | Build | Mining Camp |
| 19:15 | Build | House |
| 19:18 | Create | Villager (Male) |
| 19:38 | Create | Villager (Male) |
| 20:15 | Build | Farm |
| 20:40 | Build | House |
| 20:57 | Research | Castle Age |
| 20:57 | Research | Castle Age |
| 21:18 | Research | Scale Mail Armor |
| 21:28 | Build | Stable |
| 21:31 | Build | Stable |
| 21:36 | Create | Villager (Male) |
| 21:36 | Create | Villager (Male) |
| 21:58 | Research | Horse Collar |
| 21:58 | Research | Horse Collar |
| 23:02 | Research | Stone Mining |
| 23:05 | Research | Gold Mining |
| 23:05 | Research | Gold Mining |
| 23:37 | Age | Castle Age |
| 23:41 | Research | Bow Saw |
| 23:42 | Create | Villager (Male) |
| 23:43 | Create | Villager (Male) |
| 24:07 | Build | Monastery |
| 24:10 | Build | Farm |
| 24:32 | Build | Farm |
| 24:34 | Create | Villager (Male) |
| 24:53 | Research | Pikeman (upgrade) |
| 24:54 | Create | Spearman |
| 24:55 | Create | Spearman |
| 24:55 | Create | Spearman |
| 25:01 | Create | Monk |
| 25:02 | Create | Monk |
| 25:06 | Create | Villager (Male) |
| 25:08 | Build | Farm |
| 25:15 | Build | House |
| 25:17 | Build | House |
| 25:27 | Create | Villager (Male) |
| 25:40 | Build | Castle |
| 25:46 | Create | Knight |
| 25:46 | Create | Knight |
| 25:46 | Create | Knight |
| 25:51 | Create | Spearman |
| 25:51 | Create | Spearman |
| 26:03 | Build | Farm |
| 26:06 | Build | Farm |
| 26:15 | Create | Villager (Male) |
| 26:22 | Build | House |
| 26:38 | Create | Villager (Male) |
| 26:42 | Build | House |
| 26:43 | Build | House |
| 26:46 | Create | Villager (Male) |
| 26:55 | Build | Town Center |
| 27:01 | Create | Villager (Male) |
| 27:06 | Build | House |
| 27:06 | Build | House |
Match timeline
| 6:54 | Ruin · wall_segment Palisade Wall x14 |
| 7:30 | Ruin · first_building Barracks |
| 8:24 | agedkratos · wall_segment Palisade Wall x1 |
| 8:26 | agedkratos · wall_segment Palisade Wall x1 |
| 9:01 | A KIRA · first_building Barracks |
| 10:32 | Ruin · age_up feudal |
| 11:04 | A KIRA · age_up feudal |
| 11:06 | avilareall · first_building Barracks |
| 11:22 | avilareall · age_up feudal |
| 11:53 | agedkratos · age_up feudal |
| 13:18 | avilareall · wall_segment Stone Wall x5 |
| 14:12 | avilareall · wall_segment Stone Wall x4 |
| 15:11 | Ruin · first_building Archery Range |
| 16:26 | A KIRA · first_building Archery Range |
| 16:46 | Ruin · first_building Stable |
| 17:22 | avilareall · first_building Archery Range |
| 19:03 | avilareall · age_up castle |
| 20:07 | agedkratos · first_building Barracks |
| 21:24 | agedkratos · first_building Stable |
| 21:28 | A KIRA · first_building Stable |
| 21:40 | Ruin · age_up castle |
| 22:08 | agedkratos · age_up castle |
| 23:37 | A KIRA · age_up castle |
| 23:46 | agedkratos · first_building Castle |
| 24:07 | A KIRA · first_building Monastery |
| 25:20 | agedkratos · first_building Archery Range |
| 25:40 | A KIRA · first_building Castle |
| 27:07 | Ruin · first_building Siege Workshop |
| 27:36 | A KIRA · first_building Siege Workshop |
| 28:41 | Ruin · first_building Castle |
| 31:38 | agedkratos · first_building Siege Workshop |
| 32:26 | avilareall · first_building Castle |
| 34:33 | avilareall · first_building Siege Workshop |
| 36:22 | agedkratos · age_up imperial |
| 36:54 | avilareall · first_market_sell 500 food |
| 37:08 | Ruin · age_up imperial |
| 40:11 | avilareall · age_up imperial |
| 41:09 | A KIRA · age_up imperial |
| 43:09 | Ruin · first_market_sell 500 wood |
| 56:52 | agedkratos · wall_segment Stone Wall x4 |
| 58:27 | agedkratos · wall_segment Stone Wall x6 |
| 58:29 | agedkratos · wall_segment Stone Wall x9 |
| 61:12 | agedkratos · resign |
[ AI ANALYSIS · 1 CREDIT ]
What really happened in this match?
Wolo.gg analyzes every decision: build order, eco, micro, common mistakes by bracket. Personalized analysis on WhatsApp or Discord in 30 seconds.
Civ guide
Franks
Perfil
Jugador #19664601